3AA
ST. ALBERT PRODIGY @ FT. POLK SOUTH THUNDER HAWKS
08/10/2020
 
TOP OF THE 1ST
St. Albert Prodigy batting - Pitching for Ft. Polk South Thunder Hawks : RHP Jeff Moore
Pitching: RHP Jeff Moore
Batting: RHB Rodrigo Pagán 0-0: Called Strike
0-1: Ball
1-1: Bunted foul
1-2: Strikes out looking
Batting: RHB Quinn Johnson 0-0: Ball
1-0: Ball
2-0: Called Strike
2-1: Swinging Strike
2-2: Foul Ball, location: 2F
2-2: SINGLE (Groundball, 56D)
Batting: RHB Jack O'Brien 0-0: Foul Ball, location: 2F
0-1: Foul Ball, location: 2F
0-2: Strikes out swinging
Batting: RHB Stan Pierce 0-0: Ball
1-0: Called Strike
1-1: Ball
2-1: Fly out, F8 (Flyball, 8LM)
Top of the 1st over - 0 run(s), 1 hit(s), 0 error(s), 1 left on base; St. Albert 0 - Ft. Polk South 0
BOTTOM OF THE 1ST
Ft. Polk South Thunder Hawks batting - Pitching for St. Albert Prodigy : RHP António Fabián
Pitching: RHP António Fabián
Batting: RHB Jim Unknown 0-0: Ground out 5-3 (Groundball, 56S)
Batting: RHB Steven Grant 0-0: Called Strike
0-1: Foul Ball, location: 2F
0-2: Foul Ball, location: 2F
0-2: Ground out 6-3 (Groundball, 6)
Batting: RHB Héctor López 0-0: Ground out 5-3 (Groundball, 56)
Bottom of the 1st over - 0 run(s), 0 hit(s), 0 error(s), 0 left on base; St. Albert 0 - Ft. Polk South 0
TOP OF THE 2ND
St. Albert Prodigy batting - Pitching for Ft. Polk South Thunder Hawks : RHP Jeff Moore
Batting: RHB Ron Clark 0-0: Ball
1-0: Ball
2-0: Ball
3-0: Called Strike
3-1: Base on Balls
Batting: RHB Ron Williams 0-0: Ball
1-0: Called Strike
1-1: Fly out, F8 (Flyball, 8RM)
Batting: RHB Barry Welch 0-0: Fly out, F5 (Line Drive, 5S)
Batting: RHB Marvin Collier 0-0: Called Strike
0-1: SINGLE (Flyball, 7LS)
Ron Clark to second
Batting: RHB Luke Turner 0-0: Called Strike
0-1: Foul Ball, location: 2F
0-2: Ball
1-2: Foul Ball, location: 2F
1-2: Ball
2-2: Strikes out swinging
Top of the 2nd over - 0 run(s), 1 hit(s), 0 error(s), 2 left on base; St. Albert 0 - Ft. Polk South 0
BOTTOM OF THE 2ND
Ft. Polk South Thunder Hawks batting - Pitching for St. Albert Prodigy : RHP António Fabián
Batting: LHB José López 0-0: Ball
1-0: Fly out, F6 (Popup, 5DF)
Batting: SHB Paul Wright 0-0: Called Strike
0-1: Ball
1-1: Swinging Strike
1-2: Ball
2-2: Foul Ball, location: 2F
2-2: Ground out 4-3 (Groundball, 34)
Batting: RHB Clark Calhoun 0-0: Ball
1-0: Fly out, F7 (Flyball, 78S)
Bottom of the 2nd over - 0 run(s), 0 hit(s), 0 error(s), 0 left on base; St. Albert 0 - Ft. Polk South 0
TOP OF THE 3RD
St. Albert Prodigy batting - Pitching for Ft. Polk South Thunder Hawks : RHP Jeff Moore
Batting: RHB Rodrigo Pagán 0-0: Foul Ball, location: 2F
0-1: Swinging Strike
0-2: Ground out 4-3 (Groundball, 4)
Batting: RHB Quinn Johnson 0-0: Ball
1-0: Ball
2-0: Foul Ball, location: 2F
2-1: Foul Ball, location: 2F
2-2: Strikes out swinging
Batting: RHB Jack O'Brien 0-0: Ball
1-0: SOLO HOME RUN (Flyball, 78XD), Distance : 386 ft
Batting: RHB Stan Pierce 0-0: Foul Ball, location: 2F
0-1: Ball
1-1: Ball
2-1: Ground out 1-3 (Groundball, 13)
Top of the 3rd over - 1 run(s), 1 hit(s), 0 error(s), 0 left on base; St. Albert 1 - Ft. Polk South 0
BOTTOM OF THE 3RD
Ft. Polk South Thunder Hawks batting - Pitching for St. Albert Prodigy : RHP António Fabián
Batting: SHB Brian Wurz 0-0: Called Strike
0-1: Fly out, F8 (Flyball, 8LM)
Batting: RHB Henry Weber 0-0: Swinging Strike
0-1: Ground out 5-3 (Groundball, 56)
Batting: RHB Tim Norris 0-0: Fly out, F7 (Line Drive, 7S)
Bottom of the 3rd over - 0 run(s), 0 hit(s), 0 error(s), 0 left on base; St. Albert 1 - Ft. Polk South 0
TOP OF THE 4TH
St. Albert Prodigy batting - Pitching for Ft. Polk South Thunder Hawks : RHP Jeff Moore
Batting: RHB Ron Clark 0-0: SINGLE (Groundball, 34)
Batting: RHB Ron Williams 0-0: Ball
1-0: Called Strike
1-1: Ball
2-1: Ball
3-1: Base on Balls
Ron Clark to second
Batting: RHB Barry Welch 0-0: Foul Ball, location: 2F
0-1: Ball
1-1: Ball
2-1: SINGLE (Line Drive, 56D)
Ron Clark to third
Ron Williams to second
Batting: RHB Marvin Collier 0-0: Called Strike
0-1: Swinging Strike
0-2: Strikes out swinging
Batting: RHB Luke Turner 0-0: Ball
1-0: Foul Ball, location: 2F
1-1: Foul Ball, location: 2F
1-2: Fly out, F2 (Popup, 2L)
Batting: RHB Rodrigo Pagán 0-0: SINGLE (Line Drive, 9LM)
Ron Clark scores
Ron Williams to third
Barry Welch to second
Runner from 3rd tries for Home, SAFE, no throw or cutoff
Batting: RHB Quinn Johnson 0-0: Ball
1-0: Ground out U3 (Groundball, 3S)
Top of the 4th over - 2 run(s), 3 hit(s), 0 error(s), 2 left on base; St. Albert 3 - Ft. Polk South 0
BOTTOM OF THE 4TH
Ft. Polk South Thunder Hawks batting - Pitching for St. Albert Prodigy : RHP António Fabián
Batting: RHB Jim Unknown 0-0: Ball
1-0: Ball
2-0: SINGLE (Groundball, 4MD)
Batting: RHB Steven Grant 0-0: Ball
1-0: Ground out 4-3 (Groundball, 4MS)
Jim Unknown to second
Batting: RHB Héctor López 0-0: Called Strike
0-1: Ball
1-1: Foul Ball, location: 2F
1-2: Ground out 5-3 (Groundball, 5S)
Jim Unknown to third
Batting: LHB José López 0-0: Called Strike
0-1: Ball
1-1: Ball
Wild Pitch!
Jim Unknown scores
2-1: Ground out 1-3 (Groundball, 13)
Bottom of the 4th over - 1 run(s), 1 hit(s), 0 error(s), 0 left on base; St. Albert 3 - Ft. Polk South 1
TOP OF THE 5TH
St. Albert Prodigy batting - Pitching for Ft. Polk South Thunder Hawks : RHP Jeff Moore
Batting: RHB Jack O'Brien 0-0: Foul Ball, location: 2F
0-1: Foul Ball, location: 2F
0-2: Ball
1-2: Ground out 6-3 (Groundball, 6M)
Batting: RHB Stan Pierce 0-0: Ball
1-0: SINGLE (Line Drive, 78S)
Batting: RHB Ron Clark 0-0: Ball
1-0: Swinging Strike
1-1: Ball
2-1: Foul Ball, location: 2F
2-2: Foul Ball, location: 2F
2-2: Foul Ball, location: 2F
2-2: Ball
Stan Pierce steals 2nd base
3-2: Ground out 4-3 (Groundball, 4)
Stan Pierce to third
Batting: RHB Ron Williams 0-0: Called Strike
0-1: Ball
1-1: Ball
2-1: Fly out, F8 (Flyball, 8LM)
Top of the 5th over - 0 run(s), 1 hit(s), 0 error(s), 1 left on base; St. Albert 3 - Ft. Polk South 1
BOTTOM OF THE 5TH
Ft. Polk South Thunder Hawks batting - Pitching for St. Albert Prodigy : RHP António Fabián
Batting: SHB Paul Wright 0-0: Called Strike
0-1: Foul Ball, location: 2F
0-2: Ground out 4-3 (Groundball, 4)
Batting: RHB Clark Calhoun 0-0: Ball
1-0: Ball
2-0: Called Strike
2-1: Foul Ball, location: 2F
2-2: Ball
3-2: Fly out, F8 (Flyball, 8RS)
Batting: SHB Brian Wurz 0-0: Called Strike
0-1: Ball
1-1: Fly out, F7 (Flyball, 78M)
Bottom of the 5th over - 0 run(s), 0 hit(s), 0 error(s), 0 left on base; St. Albert 3 - Ft. Polk South 1
TOP OF THE 6TH
St. Albert Prodigy batting - Pitching for Ft. Polk South Thunder Hawks : RHP Jeff Moore
Batting: RHB Barry Welch 0-0: Ball
1-0: SINGLE (Line Drive, 56D)
Batting: RHB Marvin Collier 0-0: Ball
1-0: Swinging Strike
1-1: Sac Bunt - play at first, batter safe!
Barry Welch to second
Batting: RHB Luke Turner 0-0: Bunted foul
0-1: Bunt missed!
0-2: Strikes out swinging
Batting: RHB Rodrigo Pagán 0-0: Ball
1-0: SINGLE (Line Drive, 34D)
Barry Welch to third
Marvin Collier to second
Runner from 3rd tries for Home, SAFE, throw made home
Marvin Collier to third
Rodrigo Pagán to second
Batting: RHB Quinn Johnson 0-0: Called Strike
0-1: Ball
1-1: Foul Ball, location: 2F
1-2: Ground out 4-3 (Groundball, 4M)
Batting: RHB Jack O'Brien 0-0: Ball
1-0: Foul Ball, location: 2F
1-1: Ball
2-1: SINGLE (Line Drive, 89S)
Marvin Collier scores
Rodrigo Pagán to third
Runner from 3rd tries for Home, SAFE, no throw or cutoff
Pitching: RHP Pedro Pagán
Batting: RHB Stan Pierce 0-0: Ground out 5-3 (Groundball, 5)
Top of the 6th over - 3 run(s), 4 hit(s), 0 error(s), 1 left on base; St. Albert 6 - Ft. Polk South 1
BOTTOM OF THE 6TH
Ft. Polk South Thunder Hawks batting - Pitching for St. Albert Prodigy : RHP António Fabián
Batting: RHB Henry Weber 0-0: Ball
1-0: Fly out, F7 (Line Drive, 7S)
Batting: RHB Tim Norris 0-0: DOUBLE (Line Drive, 9LM)
Batting: RHB Jim Unknown 0-0: Swinging Strike
0-1: Ball
1-1: Ball
2-1: Foul Ball, location: 2F
2-2: Strikes out swinging
Batting: RHB Steven Grant 0-0: Foul Ball, location: 2F
0-1: Ball
1-1: Ball
2-1: Ball
Wild Pitch!
Tim Norris to third
3-1: Base on Balls
Batting: RHB Héctor López 0-0: Fly out, F9 (Flyball, 9LM)
Bottom of the 6th over - 0 run(s), 1 hit(s), 0 error(s), 2 left on base; St. Albert 6 - Ft. Polk South 1
TOP OF THE 7TH
St. Albert Prodigy batting - Pitching for Ft. Polk South Thunder Hawks : RHP Pedro Pagán
Batting: RHB Ron Clark 0-0: Ball
1-0: Swinging Strike
1-1: Swinging Strike
1-2: Strikes out swinging
Batting: RHB Ron Williams 0-0: Called Strike
0-1: Foul Ball, location: 2F
0-2: Strikes out swinging
Batting: RHB Barry Welch 0-0: Swinging Strike
0-1: Foul Ball, location: 2F
0-2: Ball
1-2: Strikes out swinging
Top of the 7th over - 0 run(s), 0 hit(s), 0 error(s), 0 left on base; St. Albert 6 - Ft. Polk South 1
BOTTOM OF THE 7TH
Ft. Polk South Thunder Hawks batting - Pitching for St. Albert Prodigy : RHP António Fabián
Batting: LHB José López 0-0: Ball
1-0: Ground out 6-3 (Groundball, 6)
Batting: SHB Paul Wright 0-0: Fly out, F3 (Line Drive, 34)
Batting: RHB Clark Calhoun 0-0: Ball
1-0: Called Strike
1-1: Ball
2-1: Ball
3-1: Ground out 6-3 (Groundball, 6)
Bottom of the 7th over - 0 run(s), 0 hit(s), 0 error(s), 0 left on base; St. Albert 6 - Ft. Polk South 1
TOP OF THE 8TH
St. Albert Prodigy batting - Pitching for Ft. Polk South Thunder Hawks : RHP Pedro Pagán
Batting: RHB Marvin Collier 0-0: Ball
1-0: Called Strike
1-1: Called Strike
1-2: Strikes out swinging
Batting: RHB Luke Turner 0-0: Ball
1-0: DOUBLE (Flyball, 9LD)
Batting: RHB Rodrigo Pagán 0-0: Ball
1-0: Ball
2-0: SINGLE (Line Drive, 6MD)
Luke Turner to third
Batting: RHB Quinn Johnson 0-0: Ball
1-0: Ball
2-0: Called Strike
2-1: Foul Ball, location: 2F
2-2: Fly out, F6 (Popup, 78S)
Batting: RHB Jack O'Brien 0-0: Ball
1-0: Ball
2-0: Swinging Strike
2-1: Foul Ball, location: 2F
2-2: Strikes out swinging
Top of the 8th over - 0 run(s), 2 hit(s), 0 error(s), 2 left on base; St. Albert 6 - Ft. Polk South 1
BOTTOM OF THE 8TH
Ft. Polk South Thunder Hawks batting - Pitching for St. Albert Prodigy : RHP António Fabián
Now at SS: Javier Hernández
Batting: SHB Brian Wurz 0-0: Ball
1-0: Ball
2-0: Ball
3-0: Called Strike
3-1: Swinging Strike
3-2: Base on Balls
Batting: RHB Henry Weber 0-0: DOUBLE (Flyball, 78D)
Brian Wurz to third
Batting: RHB Tim Norris 0-0: Foul Ball, location: 2F
0-1: Ground out 6-3 (Groundball, 6)
Brian Wurz scores
Batting: RHB Jim Unknown 0-0: Fly out, F8 (Flyball, 89S)
Batting: RHB Steven Grant 0-0: Called Strike
0-1: Ball
1-1: Fly out, F7 (Popup, 56D)
Bottom of the 8th over - 1 run(s), 1 hit(s), 0 error(s), 1 left on base; St. Albert 6 - Ft. Polk South 2
TOP OF THE 9TH
St. Albert Prodigy batting - Pitching for Ft. Polk South Thunder Hawks : RHP Pedro Pagán
Pitching: RHP Johnny Allen
Batting: RHB Stan Pierce 0-0: Ball
1-0: SINGLE (Line Drive, 34)
Batting: RHB Ron Clark 0-0: Foul Ball, location: 2F
0-1: Swinging Strike
0-2: Ball
1-2: Ball
2-2: Ball
3-2: Strikes out swinging
Batting: RHB Ron Williams 0-0: Called Strike
0-1: Ball
1-1: Ball
2-1: Foul Ball, location: 2F
2-2: Foul Ball, location: 2F
2-2: Ball
3-2: Base on Balls
Stan Pierce to second
Batting: RHB Barry Welch 0-0: Ball
1-0: Grounds into double play, 6-4-3 (Groundball, 6)
Top of the 9th over - 0 run(s), 1 hit(s), 0 error(s), 1 left on base; St. Albert 6 - Ft. Polk South 2
BOTTOM OF THE 9TH
Ft. Polk South Thunder Hawks batting - Pitching for St. Albert Prodigy : RHP António Fabián
Batting: RHB Héctor López 0-0: Ball
1-0: Called Strike
1-1: Foul Ball, location: 2F
1-2: Ball
2-2: Strikes out looking
Batting: LHB José López 0-0: Called Strike
0-1: Ground out 4-3 (Groundball, 4M)
Batting: SHB Paul Wright 0-0: Ball
1-0: Swinging Strike
1-1: Ball
2-1: Ball
3-1: Foul Ball, location: 2F
3-2: SINGLE (Groundball, 4MD)
Pitching: RHP Albert Días
Batting: RHB Clark Calhoun 0-0: Ball
1-0: Ball
2-0: Fly out, F5 (Line Drive, 56)
Bottom of the 9th over - 0 run(s), 1 hit(s), 0 error(s), 1 left on base; St. Albert 6 - Ft. Polk South 2
This league is powered by Out of the Park Baseball, the baseball management simulation game for PC, Mac and Linux
Friday, October 23rd, 2015 - OOTP Baseball 16.9 Build 39